 Dungeon Crawl Stone Soup version 0.31.0-32-g396128a36d (webtiles) character file.

Game seed: 8175363959929901130

622 monsoonserge the Changeling (level 7, -2/100 HPs)
             Began as an Octopode Shapeshifter on Apr 8, 2024.
             Slain by an ice beast (6 damage)
             ... on level 5 of the Dungeon.
             The game lasted 00:11:08 (3105 turns).

monsoonserge the Changeling (Octopode Shapeshifter) Turns: 3105, Time: 00:11:09

Health: -2/100     AC: 23    Str: 15    XL:     7   Next: 46%
Magic:  7/7        EV:  2    Int: 12    God:
Gold:   253        SH:  0    Dex: 18    Spells: 6/6 levels left

rFire   . . .        w - +2 whip (venom)
rCold   . . .        (no shield)
rNeg    . . .        (helmet currently unavailable)
rPois   +            (no amulet)
rElec   .            n - +6 ring of dexterity
rCorr   .            (no ring)
SInv    .            (no ring)
Will    .....        (no ring) Stlth
                     (no ring)
HPRegen 0.36/turn    (no ring)
MPRegen 0.10/turn    (no ring)
                     (no ring)

%: no passive effects
@: berserking, tree-form, marked, very quick
A: stationary, stasis, torment immunity, boosted hp, almost no armour,
(amphibious), 8 rings, (camouflage 1), (gelatinous body 1), (nimble swimmer 1),
(tentacles)
a: no special abilities


You were on level 5 of the Dungeon.
You were a tree.
You visited 1 branch of the dungeon, and saw 5 of its levels.

You collected 253 gold pieces.

Inventory:

Hand Weapons
 w - a +2 whip of venom (weapon)
Missiles
 g - 3 poisoned darts (quivered)
Jewellery
 n - a +6 ring of dexterity (left branch)
Talismans
 b - a beast talisman
 c - a flux talisman
 t - a serpent talisman
Wands
 y - a wand of polymorph (7)
Scrolls
 d - a scroll of brand weapon {unknown}
 f - 2 scrolls of vulnerability {unknown}
 h - 6 scrolls of identify {unknown}
 i - 4 scrolls of teleportation {unknown}
 l - a scroll of blinking {unknown}
 p - a scroll of enchant weapon {unknown}
 q - a scroll of poison {unknown}
 r - a scroll of noise {unknown}
 s - a scroll of immolation {unknown}
 u - a scroll of torment {unknown}
 z - a scroll of amnesia {unknown}
Potions
 a - a potion of lignification
 e - a potion of berserk rage
 j - 2 potions of ambrosia
 k - a potion of attraction {unknown}
 m - a potion of might {unknown}
 o - a potion of invisibility {unknown}
 v - a potion of cancellation {unknown}
 x - a potion of curing {unknown}


   Skills:
 - Level 2.0 Fighting
 - Level 1.0 Maces & Flails
 - Level 1.0 Throwing
 - Level 2.0 Dodging
 - Level 2.0 Stealth
 - Level 4.4 Unarmed Combat
 + Level 6.5 Shapeshifting


You had 6 spell levels left.
You didn't know any spells.
Your spell library was empty.

Dungeon Overview and Level Annotations

Branches:
Dungeon (5/15)
 Temple: D:4-7

Altars:
Cheibriados
Nemelex Xobeh

Annotations:
D:2 dig
D:4 2 transporters
D:5 Edmund, Grinder


Innate Abilities, Weirdness & Mutations

You are a tree.
Your roots penetrate the ground, keeping you stationary.
You cannot be teleported.
You are immune to unholy pain and torment.
Your maximum health is greatly increased.
You cannot wear most types of armour.
((You are amphibious.))
You can wear up to eight rings at the same time.
((Your skin changes colour to match your surroundings (Stealth+).))
((Your rubbery body absorbs attacks. (AC +1, EV +1)))
((You are camouflaged when in or above water. (Stealth+)))
((You have tentacles for arms and can constrict up to eight enemies at once.))


Message History

You hit the ice beast.
The ice beast is lightly wounded.
The scorpion stings you.
* * * LOW HITPOINT WARNING * * *
A bombardier beetle comes into view.
The orc hits you with a +0 hand axe.
* * * LOW HITPOINT WARNING * * *
The orc wizard casts a spell at you. You resist with some effort.
Something hits you but does no damage. x2
The iguana bites you but does no damage.
The ice beast hits you.
* * * LOW HITPOINT WARNING * * *
The ice beast freezes you!
* * * LOW HITPOINT WARNING * * *
A gnoll comes into view. It is wielding a +0 flail.
It was a potion of berserk rage.
A red film seems to cover your vision as you go berserk!
You feel yourself moving faster!
You feel mighty! The scorpion stings you.
* * * LOW HITPOINT WARNING * * *
The orc hits you with a +0 hand axe.
* * * LOW HITPOINT WARNING * * *
The orc wizard hits you but does no damage.
Something hits you but does no damage. x2
The iguana bites you but does no damage.
The orc priest casts a cantrip, but nothing happens.
An orc comes into view. It is wielding a +0 club.
The ice beast hits you but does no damage.
You closely miss the scorpion.
The scorpion is heavily wounded.
The scorpion completely misses you.
You barely miss the orc.
You feel less invigorated.
You feel less confused.
You kill the scorpion!
You hear some strange, mumbled words.
A magic dart appears from out of thin air!
The magic dart hits you but does no damage.
The ice beast hits you.
* * * LOW HITPOINT WARNING * * *
The ice beast freezes you.
You die...

......... .........
### #......####.###
#....#.#..#...##
###............#
#.......##....####
..............###.##
............lo{.(..##
...........DY♣oo....#
#...........g{o..<.##
#..........@go5....#
...###.g...g.##.....#
...
.........##.o....#
...........##..#.##
###........##Bo#...
#..##.##.##..#..#.
#... .. ....##..#


You could see Edmund, Grinder (poisoned), a steam dragon, an ice beast, a
bombardier beetle, an iguana, an orc priest, an orc wizard, 4 gnolls and 5 orcs.

Vanquished Creatures
  A water moccasin (D:5)
  An ogre (D:3)
  A centaur (D:5)
  2 scorpions
  2 bombardier beetles (D:4)
  A hound (D:5)
  A jelly (D:5)
  An iguana (D:4)
  6 adders
  A ribbon worm (D:2)
  2 orcs
  9 ball pythons
  11 endoplasms
  4 giant cockroaches (D:1)
  11 goblins
  8 hobgoblins
  8 jackals (D:1)
  4 kobolds
  3 quokkas
  7 bats
  A frilled lizard (D:2)
  8 rats
93 creatures vanquished.

Notes
Turn   | Place    | Note
-------+----------+-------------------------------------------
     0 | D:1      | monsoonserge the Octopode Shapeshifter began the quest for
                  | the Orb.
     0 | D:1      | Reached XP level 1. HP: 13/13 MP: 1/1
    57 | D:1      | Reached skill level 1 in Stealth
    75 | D:1      | Reached XP level 2. HP: 15/18 MP: 2/2
   218 | D:1      | Reached XP level 3. HP: 19/24 MP: 3/3
   451 | D:1      | Found a faded altar of an unknown god.
   455 | D:1      | Reached skill level 1 in Throwing
   931 | D:2      | Reached XP level 4. HP: 16/29 MP: 4/4
  1974 | D:3      | Reached XP level 5. HP: 32/34 MP: 5/5
  2144 | D:3      | Noticed an ogre
  2150 | D:3      | Killed an ogre
  2151 | D:3      | Reached skill level 1 in Maces & Flails
  2151 | D:3      | Reached skill level 4 in Shapeshifting
  2418 | D:3      | Reached XP level 6. HP: 39/39 MP: 6/6
  2545 | D:4      | Reached skill level 5 in Shapeshifting
  2601 | D:4      | Found a snail-covered altar of Cheibriados.
  2828 | D:4      | Noticed a kobold demonologist
  2833 | D:4      | Found a transporter.
  2863 | D:4      | Found a transporter.
  2923 | D:4      | Found a sparkling altar of Nemelex Xobeh.
  3051 | D:5      | Entered Level 5 of the Dungeon
  3075 | D:5      | Noticed a water moccasin
  3079 | D:5      | Noticed an ice beast
  3087 | D:5      | Noticed Grinder
  3091 | D:5      | Noticed a steam dragon
  3094 | D:5      | Reached skill level 6 in Shapeshifting
  3094 | D:5      | Reached XP level 7. HP: 25/45 MP: 7/7
  3096 | D:5      | Paralysed by Grinder for 3 turns
  3099 | D:5      | Noticed Edmund
  3102 | D:5      | HP: 1/67 [ice beast (11)]
  3105 | D:5      | Slain by an ice beast

Illustrated notes

Levels and vault maps discovered:
D:1:      amcnicky_arrival_gap_in_the_tavern_cellar, layout_rooms,
          dilly_ecumenical_altar_fadedgnrine, minmay_pentomino_t2
D:2:      minmay_general_purpose_star, layout_loops_cross,
          lightli_corner_chamber
D:3:      layout_loops_ring
D:4:      gammafunk_wand_slinger, layout_rooms, kennysheep_little_box,
          slow_altar_1
D:5:      layout_cave_pools, tgw_trog, minmay_temple_entry_overgrown,
          uniq_grinder, uniq_edmund

Skill      XL: |  1  2  3  4  5  6 |
---------------+-------------------+-----
Stealth        | 1 2 |  2.0
Throwing       | 1 |  1.0
Fighting       | 2 |  2.0
Unarmed Combat | 4 |  4.4
Maces & Flails | 1 |  1.0
Shapeshifting  | 4 6 |  6.5
Dodging        | |  2.0

Action                     |  1- 3 |  4- 6 |  7- 9 || total
---------------------------+-------+-------+-------++-------
  Melee: Unarmed           |    88 |    48 |       ||   136
         Constrict         |    22 |    16 |       ||    38
         Tentacles         |    10 |    15 |       ||    25
         Punch             |     1 |     3 |       ||     4
         Whip              |       |    38 |     8 ||    46
    Use: Potion            |       |     1 |     2 ||     3
   Stab: Sleeping          |     5 |    10 |       ||    15
         Distracted        |       |     1 |       ||     1
 Armour: Skin              |    31 |    83 |    60 ||   174
  Dodge: Dodged            |    58 |    34 |     6 ||    98
